 Dungeon Crawl Stone Soup version 0.20.2-3-g29329e0561 (webtiles) character file.

1701 Alfie the Archer (level 8, 0/70 HPs)
             Began as a Minotaur Hunter on Apr 28, 2020.
             Slain by a crimson imp
             ... wielding the +10 mace of the End {freeze, Str+6}
              (4 damage)
             ... on level 6 of the Dungeon.
             The game lasted 00:22:42 (4075 turns).

Alfie the Archer (Minotaur Hunter)                  Turns: 4075, Time: 00:22:42

Health: 0/70       AC:  6    Str: 19    XL:     8   Next: 73%
Magic:  7/7        EV: 13    Int:  8    God:
Gold:   89         SH:  0    Dex: 11    Spells: 7/7 levels left

rFire    . . .     SeeInvis .   k - +1 short sword (drain)
rCold    . . .     Gourm    .   (no shield)
rNeg     . . .     Faith    .   c - +1 leather armour
rPois    +         Spirit   .   (helmet restricted)
rElec    .         Reflect  .   (no cloak)
rCorr    .         Harm     .   h - +1 pair of gloves
MR       .....                  (no boots)
Stlth    +.........             (no amulet)
Regen    0.3/turn               e - ring of poison resistance
MPRegen  0.1/turn               (no ring)

@: drained
A: retaliatory headbutt, horns 2
a: no special abilities


You were on level 6 of the Dungeon.
You were not hungry.

You visited 1 branch of the dungeon, and saw 6 of its levels.

You collected 335 gold pieces.
You spent 246 gold pieces at shops.

Inventory:

Hand Weapons
 a - a +2 shortbow
 k - a +1 short sword of draining (weapon)
Missiles
 v - 13 tomahawks (quivered)
 x - 9 arrows
Armour
 c - a +1 leather armour (worn)
 h - a +1 pair of gloves (worn)
Jewellery
 e - a ring of poison resistance (left hand)
 q - an uncursed ring of poison resistance
Wands
 d - a wand of acid (7/15)
Scrolls
 l - 8 scrolls of remove curse
 n - 4 scrolls of amnesia
 r - 6 scrolls of identify
 y - a scroll of recharging
Potions
 j - a potion of resistance {unknown}
 o - 2 potions of agility {unknown}
 p - a potion of degeneration {unknown}
 s - 3 potions of haste {unknown}
 t - a potion of might {unknown}
 u - 3 potions of mutation {unknown}
 w - 2 potions of lignification {unknown}
Comestibles
 f - 6 bread rations
 g - 2 royal jellies
 m - 5 meat rations


   Skills:
 + Level 6.1(5.6) Fighting
 + Level 5.5(5.1) Short Blades
 + Level 9.0(8.5) Bows
 + Level 0.4(0.0) Throwing
 + Level 3.9(3.4) Armour
 + Level 4.1(3.6) Dodging
 + Level 1.0(0.6) Stealth


You had 7 spell levels left.
You didn't know any spells.

Dungeon Overview and Level Annotations

Branches:
Dungeon (6/15)             Temple (0/1) D:4

Altars:
Nemelex Xobeh

Shops:
D:5 ?   D:6 :

Annotations:
D:2 Crazy Yiuf


Innate Abilities, Weirdness & Mutations

You reflexively headbutt those who attack you in melee.
You have a pair of horns on your head.


Message History

You furiously retaliate!
You headbutt the crimson imp! You closely miss the crimson imp.
The crimson imp is severely wounded.
The crimson imp hits you with an ivory mace {freeze}.
The crimson imp freezes you.
* * * LOW HITPOINT WARNING * * *
Your leather armour prevents you from hitting the crimson imp.
The crimson imp is heavily wounded.
The crimson imp hits you with an ivory mace {freeze}.
* * * LOW HITPOINT WARNING * * *
The crimson imp freezes you.
* * * LOW HITPOINT WARNING * * *
You closely miss the crimson imp. You headbutt the crimson imp.
The crimson imp is severely wounded.
You hit the crimson imp.
The crimson imp is severely wounded.
The crimson imp hits you with an ivory mace {freeze}!
* * * LOW HITPOINT WARNING * * *
The crimson imp freezes you.
You die...

#.##..## #.# #.#.#####
#.##.#.#####.# # #.#......
#...###......# #.#.#.#####
#.##.#.############..........
#)###.## ..........##.## #)#
#.# #.#####.(#.##.## #.# #.#
##...####..#.##... #.#
#.######5............#... #.#
#.......@...####..#..##.. #.#
#######...........#..##.. #.#
##.#.#####. #......
#.##########.#.# #. #......
#............# # # #.###..
############## ...# ### ###.#
#. ..


You could see a crimson imp.

Vanquished Creatures
  Pikel (D:5)
  Sigmund (D:6)
  Eustachio (D:5)
  An orc warrior (D:6)
  A sky beast (D:6)
  A slave (D:5)
  2 bullfrogs
  3 wights (D:6)
  A howler monkey (D:6)
  2 crimson imps (D:5)
  A bullfrog skeleton (D:6)
  4 orc wizards
  A hound skeleton (D:6)
  A howler monkey skeleton (D:5)
  9 adders
  2 gnolls (D:4)
  An ooze (D:1)
  An adder skeleton (D:5)
  2 worms (D:2)
  3 dart slugs
  5 leopard geckos
  26 orcs
  5 bats
  4 giant cockroaches
  13 goblins
  12 hobgoblins
  6 jackals
  4 quokkas
  6 frilled lizards
  A giant cockroach zombie (D:5)
  A jackal skeleton (D:4)
  13 kobolds
  A leopard gecko zombie (D:3)
  7 rats
143 creatures vanquished.

Vanquished Creatures (others)
  4 jackals
4 creatures vanquished.

Grand Total: 147 creatures vanquished

Notes
Turn   | Place    | Note
-------+----------+-------------------------------------------
     0 | D:1      | Alfie the Minotaur Hunter began the quest for the Orb.
     0 | D:1      | Reached XP level 1. HP: 18/18 MP: 0/0
   194 | D:1      | Reached XP level 2. HP: 19/25 MP: 1/1
   304 | D:1      | Reached skill level 5 in Bows
   518 | D:2      | Reached XP level 3. HP: 26/30 MP: 2/2
   669 | D:2      | Reached skill level 1 in Armour
   707 | D:2      | Reached skill level 1 in Short Blades
   707 | D:2      | Reached XP level 4. HP: 30/37 MP: 3/3
   801 | D:2      | Found a runed door.
   853 | D:2      | Found a sparkling altar of Nemelex Xobeh.
   999 | D:2      | Noticed Crazy Yiuf
  1095 | D:3      | Reached skill level 6 in Bows
  1201 | D:3      | Noticed a bullfrog
  1209 | D:3      | Killed a bullfrog
  1209 | D:3      | Reached XP level 5. HP: 26/45 MP: 4/4
  1974 | D:4      | Found a staircase to the Ecumenical Temple.
  2011 | D:4      | Reached XP level 6. HP: 51/51 MP: 5/5
  2364 | D:4      | Reached skill level 1 in Stealth
  2809 | D:5      | Entered Level 5 of the Dungeon
  2867 | D:5      | Noticed Eustachio
  2953 | D:5      | Killed Eustachio
  2953 | D:5      | Reached skill level 7 in Bows
  3025 | D:5      | Reached XP level 7. HP: 37/59 MP: 6/6
  3404 | D:5      | Noticed Pikel
  3420 | D:5      | Killed Pikel
  3420 | D:5      | Reached skill level 5 in Fighting
  3420 | D:5      | Reached skill level 8 in Bows
  3420 | D:5      | Reached XP level 8. HP: 32/68 MP: 7/7
  3427 | D:5      | Found Ufodeasa's Magic Scroll Emporium.
  3449 | D:5      | Bought a scroll of recharging for 123 gold pieces
  3449 | D:5      | Bought a scroll of identify for 26 gold pieces
  3449 | D:5      | Bought a scroll of enchant armour for 97 gold pieces
  3734 | D:6      | Found Zat Pymp's Book Boutique.
  3735 | D:6      | Noticed Sigmund
  3747 | D:6      | Killed Sigmund
  3747 | D:6      | Reached skill level 5 in Short Blades
  4025 | D:6      | Reached skill level 9 in Bows
  4035 | D:6      | HP: 2/70 [something (3)]
  4041 | D:6      | HP: 3/70 [something (2)]
  4042 | D:6      | HP: 1/70 [something (2)]
  4075 | D:6      | Identified the +10 mace of the End {freeze, Str+6}
  4075 | D:6      | Slain by a crimson imp

Skill      XL: |  1  2  3  4  5  6  7  8 |
---------------+-------------------------+-----
Bows           | 5 6 7 8 9 |  9.0
Armour         | 1 2 3 |  3.9
Short Blades   | 1 2 3 4 5 |  5.5
Fighting       | 3 4 5 6 |  6.1
Stealth        | 1 |  1.0
Dodging        | 3 4 |  4.1
Throwing       | |  0.4

Action                   |  1- 3 |  4- 6 |  7- 9 || total
-------------------------+-------+-------+-------++-------
Melee: Short sword       |    37 |   163 |   125 ||   325
       Headbutt          |     6 |    17 |    23 ||    46
 Fire: Shortbow          |    57 |    94 |    34 ||   185
Throw: Tomahawk          |       |       |     6 ||     6
  Use: Scroll            |     4 |     6 |     2 ||    12
       Potion            |     1 |     1 |     5 ||     7
  Eat: Bread ration      |       |     1 |       ||     1
       Royal jelly       |       |     1 |       ||     1
       Fruit             |       |     1 |       ||     1
       Meat ration       |       |       |     1 ||     1
Armor: Leather armour    |    25 |    72 |    23 ||   120
Dodge: Dodged            |    44 |   136 |    63 ||   243
